Map: 파라 사이트 - 래더

Players

LiquidTaeJa (TaeJa)

  • Race: Terran Terran
  • League: Diamond
  • Spawn Location: 11:00

Cure - Winner!

  • Race: Terran Terran
  • League: Master
  • Spawn Location: 5:00

Event: HomeStory Cup XVIII

VOD

Have the link to the VOD?

Description

Time

  • Played on: Nov. 24, 2018, 3:39 p.m.
  • Length: 4:42

All games in this series

Show
View Real Time Build Order
Export as new Build Order

LiquidTaeJa Terran 

Build Orders:  

Get SALT Encoding   

  12  0:00  SCV  
  13  0:12  SCV  
  14  0:18  Supply Depot  
  14  0:24  SCV  
  15  0:40  SCV  
  15  0:41  Barracks  
  16  0:46  Refinery  
  16  0:58  Barracks  
  16  1:04  SCV  
  17  1:14  Refinery  
  17  1:16  SCV  
  18  1:30  Reaper  
  19  1:35  Orbital Command  
  19  1:46  Reaper  
  20  1:53  Supply Depot  
  20  2:00  SCV  
  21  2:02  Reaper  
  22  2:12  SCV  
  23  2:18  Reaper  
  23  2:22  Factory  
  24  2:24  SCV  
  25  2:36  Reaper, SCV  
  26  2:48  SCV  
  26  2:50  Reaper  
  28  2:53  Supply Depot  
  28  3:01  SCV  
  31  3:06  Starport  
  31  3:13  Reaper, Factory Tech Lab  
  30  3:23  SCV  
  30  3:35  Command Center  
  30  3:39  SCV  
  30  3:40  Cyclone  
  34  3:45  Reaper  
  32  3:58  Marine  
  32  3:59  SCV  
  33  4:11  SCV  
Show
View Real Time Build Order
Export as new Build Order

Cure Terran - Winner!

Build Orders: 1/1/1, Liberator Opening 

Get SALT Encoding   

  12  0:00  SCV  
  13  0:12  SCV  
  14  0:16  Supply Depot  
  14  0:24  SCV  
  14  0:27  Refinery  
  15  0:38  SCV  
  16  0:43  Barracks  
  16  0:50  SCV  
  16  0:53  Refinery  
  17  1:02  SCV  
  18  1:14  SCV  
  19  1:30  Reaper, Orbital Command  
  20  1:33  Factory  
  20  1:43  Supply Depot  
  20  1:55  SCV  
  21  2:02  Reaper  
  21  2:07  SCV  
  23  2:16  Hellion  
  23  2:18  Starport  
  23  2:20  SCV  
  25  2:32  SCV  
  25  2:37  Reaper, Liberator  
  25  2:38  Hellion  
  28  2:44  Supply Depot  
  31  3:05  SCV  
  31  3:06  Hellion  
  31  3:10  Barracks Reactor  
  34  3:14  Supply Depot  
  34  3:18  SCV  
  34  3:27  Factory Tech Lab  
  34  3:30  SCV  
  35  3:39  Starport Tech Lab  
  33  3:42  SCV  
  33  3:46  Marine x2, Cyclone  
  36  3:58  Banshee  
  36  4:00  SCV  
  40  4:04  Marine x2  
  38  4:12  SCV  
  37  4:21  Marine  
  37  4:22  Marine  
  36  4:24  SCV  
Tags
 
Add a new tag
Caveats
  • Supply blocks, unpowered buildings, or Contaminate may cause inaccurate times.
  • Supply counts are checked every 10 seconds.